AoeStats
← tom-gonz

Oasis

507373752Analyzed
4v4 RM · 2mo ago on Sep 17, 2026· 32m 21s· 8 players
Game mode
Random Map
Map size
Large (8 player)
Population
200
Speed
Normal
Resources
Standard
Victory
Conquest
Starting age
Dark Age
Ending age
Imperial Age
RankedLock teamsTeams togetherTeam positionsShared explorationLock speedFull tech treeHidden civsTurbo modeCheats
Victory
Defeat
🇵🇹 Ethiopians · Portugal
1709
+10
🇵🇹 Britons · Portugal
1634
+12
🇵🇹 Persians · Portugal
1633
+12
🇵🇹 Magyars · Portugal
1558
+16
vs
🇩🇪 Shu · Germany
1589
-14
🇲🇽 Saracens · Mexico
1567
-13
🇨🇳 Spanish · China
1560
-13
🇦🇷 Franks · Argentina
1502
-10
MZTK | Orocar
6:28 Loom
9:46 Feudal Age
14:46 Fletching
19:15 Padded Archer Armor
23:12 Gold Mining
23:27 Town Watch
28:09 Castle Age
28:14 Crossbowman
29:11 Bodkin Arrow
30:56 Double-Bit Axe
32:52 Bow Saw
RaKan
6:19 Loom
9:03 Feudal Age
15:50 Forging
19:06 Scale Barding Armor
20:08 Bloodlines
22:35 Double-Bit Axe
27:44 Castle Age
27:38 Wheelbarrow
27:48 Light Cavalry
28:56 Chain Barding Armor
Kempinho
6:59 Loom
9:22 Feudal Age
11:09 Double-Bit Axe
14:10 Fletching
15:03 Padded Archer Armor
16:41 Horse Collar
24:38 Castle Age
22:43 Gold Mining
24:42 Crossbowman
25:28 Thumb Ring
25:24 Bodkin Arrow
26:36 Leather Archer Armor
28:22 Ballistics
[TodEs] JohnWCooke
9:12 Feudal Age
9:48 Double-Bit Axe
10:49 Loom
15:53 Scale Barding Armor
16:58 Forging
23:42 Castle Age
24:54 Bow Saw
25:25 Gold Mining
27:08 Chain Barding Armor
32:00 Wheelbarrow
xeneta_
6:12 Loom
9:09 Feudal Age
9:57 Double-Bit Axe
11:08 Horse Collar
16:00 Scale Barding Armor
20:30 Bloodlines
25:37 Castle Age
24:52 Gold Mining
26:41 Chain Barding Armor
26:31 Husbandry
25:51 Light Cavalry
29:56 Heavy Plow
tom-gonz
5:44 Loom
8:43 Feudal Age
10:17 Double-Bit Axe
18:20 Scale Barding Armor
18:58 Forging
20:24 Bloodlines
20:16 Horse Collar
22:40 Wheelbarrow
24:44 Castle Age
24:11 Gold Mining
26:24 Chain Barding Armor
26:17 Bow Saw
26:22 Husbandry
28:02 Light Cavalry
31:05 Iron Casting
32:21 Hand Cart
Mr Greed
6:57 Loom
11:25 Feudal Age
11:53 Double-Bit Axe
14:38 Fletching
17:01 Padded Archer Armor
23:15 Castle Age
21:25 Gold Mining
23:18 Crossbowman
23:54 Bodkin Arrow
24:47 Bow Saw
25:28 Leather Archer Armor
27:18 Ballistics
28:11 Horse Collar
33:20 Wheelbarrow
Brisingr
7:22 Loom
10:03 Feudal Age
11:19 Double-Bit Axe
12:55 Fletching
15:54 Padded Archer Armor
23:17 Castle Age
22:37 Horse Collar
22:50 Gold Mining
23:21 Crossbowman
24:06 Bodkin Arrow
26:16 Ballistics
28:46 Leather Archer Armor
31:08 Wheelbarrow
30:47 Bow Saw
31:14 Gold Shaft Mining
Connection lost

Rejoining the realm…

Still unreachable

The connection could not be restored.

Session expired

The server has moved on; the page needs a fresh start.